 Dungeon Crawl Stone Soup version 0.29-a0-823-gc37b1572da (webtiles) character file.

Game seed: 14485418493736083325

98 zishaf the Shooter (level 4, -6/38 HPs)
             Began as a Demigod Hunter on July 8, 2022.
             Mangled by a gnoll
             ... wielding a +2 whip of pain
              (8 damage)
             ... on level 2 of the Dungeon.
             The game lasted 00:02:54 (1306 turns).

zishaf the Shooter (Demigod Hunter)                 Turns: 1306, Time: 00:02:54

Health: -6/38      AC:  5    Str: 12    XL:     4   Next: 21%
Magic:  6/6        EV: 11    Int: 11    God:
Gold:   85         SH:  0    Dex: 21    Spells: 3/3 levels left

rFire   . . .      SeeInvis .   a - +0 shortbow
rCold   . . .      Faith    .   (shield currently unavailable)
rNeg    . . .      Spirit   .   h - +0 ring mail
rPois   .          Reflect  .   (no helmet)
rElec   .          Harm     .   (no cloak)
rCorr   .          Rampage  .   (no gloves)
Will    .....                   (no boots)
Stlth   +.........              (no amulet)
HPRegen 0.12/turn               (no ring)
MPRegen 0.10/turn               (no ring)

@: no status effects
A: high MP 1, forlorn, divine attributes
a: no special abilities


You were on level 2 of the Dungeon.
You visited 1 branch of the dungeon, and saw 2 of its levels.

You collected 85 gold pieces.

Inventory:

Hand Weapons
 a - a +0 shortbow (weapon)
Armour
 c - a +0 leather armour
 h - a +0 ring mail (worn)
Scrolls
 b - a scroll of immolation
 d - a scroll of identify
 k - 2 scrolls of teleportation {unknown}
 m - a scroll of enchant weapon {unknown}
Potions
 e - a potion of brilliance
 f - a potion of haste
 g - 2 potions of curing
 i - a potion of magic
 j - a potion of heal wounds
 l - a potion of might


   Skills:
 + Level 3.2 Fighting
 + Level 4.6 Ranged Weapons
 - Level 1.7 Dodging
 - Level 0.8 Stealth


You had 3 spell levels left.
You didn't know any spells.
Your spell library contained the following spells:

 Spells                   Type           Power      Damage    Failure   Level
 Ensorcelled Hibernation  Hex/Ice        0%         N/A       77%         2
 Spider Form              Tmut/Pois      0%         N/A       94%         3
 Anguish                  Hex/Necr       0%         N/A       100%        4


Dungeon Overview and Level Annotations

Branches:
Dungeon (2/15)


Innate Abilities, Weirdness & Mutations

You have an increased reservoir of magic. (+10% MP)
You shall have no god before yourself.
Your divine heritage dramatically boosts your attributes as you level up.


Message History

You shoot an arrow.
The arrow hits the gnoll but does no damage.
The gnoll is moderately wounded.
The gnoll hits you with a +2 whip of pain.
* * * LOW HITPOINT WARNING * * *
You writhe in agony.
* * * LOW HITPOINT WARNING * * *
Unknown command.
Fire: a) +0 shortbow
Press: ? - help, Q - select action Shift-Dir - straight line, f/p - gnoll
Aim: a gnoll, wielding a +2 whip of pain (moderately wounded, 69% to hit)
You shoot an arrow. The arrow barely misses the gnoll.
The gnoll barely misses you. The gnoll closely misses you.
Unknown command.
Fire: a) +0 shortbow
Press: ? - help, Q - select action Shift-Dir - straight line, f/p - gnoll
Aim: a gnoll, wielding a +2 whip of pain (moderately wounded, 69% to hit)
You shoot an arrow. The arrow barely misses the gnoll.
The gnoll hits you with a +2 whip of pain.
* * * LOW HITPOINT WARNING * * *
Fire: a) +0 shortbow
Press: ? - help, Q - select action Shift-Dir - straight line, f/p - gnoll
Aim: a gnoll, wielding a +2 whip of pain (moderately wounded, 69% to hit)
You shoot an arrow. The arrow barely misses the gnoll.
The gnoll hits you but does no damage.
Unknown command.
Fire: a) +0 shortbow
Press: ? - help, Q - select action Shift-Dir - straight line, f/p - gnoll
Aim: a gnoll, wielding a +2 whip of pain (moderately wounded, 69% to hit)
You shoot an arrow. The arrow hits the gnoll.
The gnoll is heavily wounded.
The gnoll hits you with a +2 whip of pain.
* * * LOW HITPOINT WARNING * * *
The gnoll closely misses you.
Fire: a) +0 shortbow
Press: ? - help, Q - select action Shift-Dir - straight line, f/p - gnoll
Aim: a gnoll, wielding a +2 whip of pain (heavily wounded, 69% to hit)
You shoot an arrow. The arrow barely misses the gnoll.
The gnoll hits you with a +2 whip of pain!
You die...

###
#######.#
#@).....#
#g#####.#
#.#
#.##########
#)#
#.†.....)...
...
###########.
.#. #######.
.. .
........ ..
.# #######.
#.


You could see a gnoll.

Vanquished Creatures
  An adder (D:2)
  5 gnolls
  A dart slug (D:1)
  3 ball pythons (D:1)
  7 endoplasms
  5 goblins
  3 hobgoblins (D:1)
  2 jackals (D:1)
  4 kobolds
  4 bats
  4 frilled lizards
  A rat (D:1)
40 creatures vanquished.

Vanquished Creatures (others)
  9 plants (D:1)
9 creatures vanquished.

Grand Total: 49 creatures vanquished

Notes
Turn   | Place    | Note
-------+----------+-------------------------------------------
     0 | D:1      | zishaf the Demigod Hunter began the quest for the Orb.
     0 | D:1      | Reached XP level 1. HP: 17/17 MP: 3/3
   261 | D:1      | Reached XP level 2. HP: 14/24 MP: 4/4
   453 | D:1      | Reached skill level 4 in Ranged Weapons
   708 | D:1      | Reached XP level 3. HP: 26/30 MP: 5/5
  1289 | D:2      | Reached XP level 4. HP: 38/38 MP: 6/6
  1306 | D:2      | Mangled by a gnoll

Illustrated notes

Levels and vault maps discovered:
D:1:      noname_arrival_rooms_in_the_neighbourhood, layout_loops_ring,
          nicolae_grassy_gnolls
D:2:      wad_river_or_something, layout_basic, basic_altar

Skill      XL: |  1  2  3 |
---------------+----------+-----
Fighting       | 2 3 |  3.2
Ranged Weapons | 4 |  4.6
Dodging        | |  1.7
Stealth        | |  0.8

Action                   |  1- 3 |  4- 6 || total
-------------------------+-------+-------++-------
 Fire: Shortbow          |    86 |    17 ||   103
  Use: Scroll            |     6 |       ||     6
Armor: Ring mail         |    15 |     1 ||    16
Dodge: Dodged            |    17 |    11 ||    28

Table legend: (Time is in decaauts)
 A = Elapsed time spent in this place.
 B = Non-inter-level travel time spent in this place.
 C = Inter-level travel time spent in this place.
 D = Time resting spent in this place.
 E = Time spent auto-exploring this place.
 F = Levels seen in this place.
 G = Mean time per level.
                   A        B        C        D        E       F      G
               +--------+--------+--------+--------+--------+-----+--------+
         Total |   1347 |   1321 |     26 |      0 |    977 |   2 |  673.5 |
       Dungeon |   1347 |   1321 |     26 |      0 |    977 |   2 |  673.5 |
               +--------+--------+--------+--------+--------+-----+--------+

Top non-repeatable levels by time:
     D:1: 1025 daAuts
     D:2: 321 daAuts
